 Dungeon Crawl Stone Soup version 0.17-a0-910-ga669010 (webtiles) character file.

68 inmateoo the Slasher (level 4, -3/30 HPs)
             Began as a High Elf Warper on May 2, 2015.
             Killed by divine providence
             ... invoked by an orc priest
              (12 damage)
             ... on level 2 of the Dungeon.
             The game lasted 00:03:21 (2196 turns).

inmateoo the Slasher (High Elf Warper)              Turns: 2196, Time: 00:03:21

Health: -3/30      AC: 10    Str: 10    XL:     4   Next: 1%
Magic:  8/8        EV:  2    Int: 17    God:
Gold:   129        SH:  0    Dex: 15    Spells: 2 memorised, 4 levels left

rFire  . . .     SeeInvis .     a - +0 falchion
rCold  . . .     Clarity  .     r - +0 plate armour
rNeg   . . .     SustAb   .     (no shield)
rPois  .         Gourm    .     (no helmet)
rElec  .         Spirit   .     (no cloak)
rCorr  .         Warding  .     (no gloves)
rMut   .         Stasis   .     (no boots)
MR     .....                    (no amulet)
Stlth  ..........               (no ring)
                                (no ring)

@: not resistant to hostile enchantments, extremely unstealthy
A: no striking features
a: no special abilities


You were on level 2 of the Dungeon.
You were not hungry.

You visited 1 branch of the dungeon, and saw 3 of its levels.

You collected 129 gold pieces.

Inventory:

Hand weapons
 a - a +0 falchion (weapon)
Missiles
 e - 5 tomahawks of dispersal (quivered)
 h - 4 tomahawks
 k - 94 stones
Armour
 p - a +0 ring mail
 r - a +0 plate armour (worn)
Jewellery
 q - an uncursed ring of positive energy {unknown}
Scrolls
 d - a scroll of blinking
 i - a scroll of remove curse
 l - 2 scrolls of identify {unknown}
Potions
 b - a potion of cure mutation {unknown}
 g - a potion of magic {unknown}
 m - a potion of brilliance {unknown}
 n - a potion of lignification {unknown}
 s - 2 potions of curing {unknown}
 u - a potion of cancellation {unknown}
Books
 c - a book of Spatial Translocations

   Spells                             Type                      Level
   a - Apportation                    Translocation                1
   b - Blink                          Translocation                2
   c - Shroud of Golubria             Charms/Translocation         2
   d - Portal Projectile              Translocation                3
   e - Teleport Other                 Translocation                3
   f - Passage of Golubria            Translocation                4
Comestibles
 f - 3 bread rations
 j - 2 meat rations
 o - a chunk of flesh


   Skills:
 + Level 2.6 Fighting
 * Level 4.1 Long Blades
 - Level 1.1 Throwing
 * Level 1.1 Armour
 + Level 2.9 Dodging
 - Level 2.4 Spellcasting
 - Level 3.2 Translocations


You had 4 spell levels left.
You knew the following spells:

 Your Spells              Type           Power        Failure   Level  Hunger
a - Apportation           Tloc           ##........   100%        1    #......
b - Blink                 Tloc           N/A          100%        2    ##.....


Dungeon Overview and Level Annotations

Branches:
Dungeon (3/15)

Altars:


Message History

The orc priest is lightly wounded.
The orc priest hits you but does no damage.
You hit the orc priest.
The orc priest is heavily wounded.
The orc priest hits you but does no damage.
You hit the orc priest but do no damage.
The orc priest is heavily wounded.
The orc priest hits you but does no damage.
You hit the orc priest.
The orc priest is heavily wounded.
The orc priest hits you but does no damage.
You slash the orc priest!
The orc priest is almost dead.
The orc priest hits you with a hand axe.
* * * LOW HITPOINT WARNING * * *
You hit the orc priest but do no damage.
The orc priest is almost dead.
The orc priest invokes the aid of Beogh against you.
Something smites you!
You die...

#g####........##.#
#....#
#.............##.#
#....#
#####.......#.##.#
##..).######
#..........#.#
#..........#
#########..#.#
#..........# #..#.#
#.#........# #....#
#.#........#
###.#o.####.#........#
#.†.#.@..)..#........#
#.###########.########
#...# #.# ###.#
#######.# #.#
#.....#.#### #.#
#.##.##....# #.#
#.##.#####.#
#.###.##.#####.#
#.....##.......#


You could see an orc priest.

Vanquished Creatures
  An adder (D:2)
  A worm (D:2)
  3 giant geckos
  2 orcs (D:3)
  2 giant cockroaches
  9 hobgoblins
  5 bats
  3 giant newts
  7 goblins
  12 kobolds
  4 rats
49 creatures vanquished.

Notes
Turn   | Place    | Note
--------------------------------------------------------------
     0 | D:1      | inmateoo, the High Elf Warper, began the quest for the Orb.
     0 | D:1      | Reached XP level 1. HP: 14/14 MP: 4/4
   311 | D:1      | Reached XP level 2. HP: 10/19 MP: 6/6
  1041 | D:2      | Reached XP level 3. HP: 22/25 MP: 7/7
  1291 | D:2      | Learned a level 2 spell: Blink
  1678 | D:3      | Reached skill level 4 in Long Blades
  1894 | D:3      | Reached skill level 1 in Armour
  2182 | D:3      | Reached XP level 4. HP: 22/30 MP: 8/8
  2196 | D:2      | Killed from afar by an orc priest

Action                   |  1- 3 |  4- 6 || total
-------------------------+-------+-------++-------
Melee: Falchion          |   199 |    10 ||   209
  Use: Scroll            |     6 |       ||     6
  Eat: Chunk             |     4 |       ||     4
